 Dungeon Crawl Stone Soup version 0.29.0-15-g675c0067aa (webtiles) character file.

Game seed: 1987402897890819776

204 qw the Shield-Bearer (level 5, 0/32 HPs)
             Began as a Gargoyle Fighter on Sept 12, 2022.
             Slain by an ogre
             ... wielding a +0 giant spiked club
              (14 damage)
             ... on level 4 of the Dungeon.
             The game lasted 00:01:17 (4172 turns).

qw the Shield-Bearer (Gargoyle Fighter)             Turns: 4172, Time: 00:01:17

Health: 0/32       AC: 17    Str: 22    XL:     5   Next: 82%
Magic:  5/5        EV: 10    Int:  8    God:
Gold:   193        SH:  8    Dex:  9    Spells: 4/4 levels left

rFire   . . .      SeeInvis .   Y - +0 war axe
rCold   . . .      Faith    .   f - +0 kite shield
rNeg    + . .      Spirit   .   e - +0 chain mail
rPois   inf        Reflect  .   (no helmet)
rElec   +          Harm     .   l - +0 cloak {Stlth+}
rCorr   .          Rampage  .   (no gloves)
Will    .....                   o - +2 pair of boots
Stlth   ..........              (no amulet)
HPRegen 0.10/turn               i - +4 ring of evasion
MPRegen 0.09/turn               (no ring)

@: no status effects
A: sickness immunity, AC +4, negative energy resistance 1, electricity
resistance, torment resistance 1, petrification resistance
a: no special abilities


You were on level 4 of the Dungeon.
You visited 1 branch of the dungeon, and saw 4 of its levels.

You collected 193 gold pieces.


Innate Abilities, Weirdness & Mutations

You are immune to sickness and miasma.
Your stone body is resilient. (AC +4)
You are immune to poison.
You resist negative energy. (rN+)
You are resistant to electric shocks. (rElec)
You are resistant to unholy torment.
You are immune to petrification.


   Skills:
 - Level 3.2 Fighting
 - Level 4.5 Axes
 - Level 3.2 Armour
 + Level 4.6 Shields


You had 4 spell levels left.
You didn't know any spells.
Your spell library was empty.

Inventory:

Hand Weapons
 r - a +0 morningstar
 Y - a +0 war axe (weapon)
Missiles
 p - 2 boomerangs (quivered)
Armour
 e - a +0 chain mail (worn)
 f - a +0 kite shield (worn)
 l - a +0 cloak of stealth (worn)
 o - a +2 pair of boots (worn)
 s - a +0 pair of gloves
Jewellery
 i - a +4 ring of evasion (left hand)
Scrolls
 b - 7 scrolls of teleportation
 t - a scroll of identify
Potions
 a - a potion of resistance {unknown}
 c - a potion of attraction {unknown}
 d - a potion of might
 g - a potion of lignification {unknown}
 h - a potion of haste {unknown}
 j - a potion of curing
 k - a potion of ambrosia {unknown}
 m - a potion of magic {unknown}
 n - a potion of degeneration {unknown}
 q - a potion of brilliance {unknown}

Dungeon Overview and Level Annotations

Branches:
Dungeon (4/15)
 Temple: D:4-7

Altars:
Gozag
Sif Muna


Message History

The boomerang closely misses the kobold.
Throw: 2 boomerangs
Press: ? - help, Q - select action Shift-Dir - straight line, f/p - kobold You throw a boomerang.
The boomerang closely misses the kobold.
The kobold throws a stone.
The stone hits you but does no damage.
You miss the kobold. You block the kobold's attack.
You hit the kobold.
You kill the kobold!
Things that are here:
a +0 dagger; 3 stones; a kobold corpse You now have 193 gold pieces (gained 17).
An ogre comes into view. It is wielding a +0 giant spiked club.
The ogre shouts!
Throw: 2 boomerangs
Press: ? - help, Q - select action Shift-Dir - straight line, f - ogre You throw a boomerang.
The boomerang barely misses the ogre.
Throw: 2 boomerangs
Press: ? - help, Q - select action Shift-Dir - straight line, f/p - ogre You throw a boomerang.
The boomerang hits the ogre but does no damage.
A hobgoblin comes into view. x2
4167 ||| Stepping ~*~*~tactically~*~*~ (stealth).
4168 ||| Stepping ~*~*~tactically~*~*~ (stealth).
The hobgoblin shouts!
You hear a shout!
You closely miss the ogre. The ogre barely misses you.
You hit the ogre but do no damage. The ogre closely misses you.
You hit the ogre.
The ogre is lightly wounded.
The ogre hits you with a +0 giant spiked club!
An orc comes into view. It is wielding a +0 club.
You barely miss the ogre.
The ogre is lightly wounded.
You closely miss the hobgoblin. The hobgoblin hits you.
The ogre hits you with a +0 giant spiked club!
You die...

#...# .#.## ..######
.#.....# ##.....########
..............#
..............##
...............####
................@O#####..#
.................g........
......................o...
...##............###g.....
..##...#..........# ......
..##...###.......... .....
..#....####...............
.................####.g...
................## ....


You could see an ogre, an orc and 2 hobgoblins.

Vanquished Creatures
  An orc priest (D:3)
  Terence (D:2)
  3 gnolls (D:2)
  3 adders (D:3)
  An ufetubus (D:4)
  3 worms
  2 dart slugs
  4 orcs
  6 ball pythons
  13 endoplasms
  9 goblins
  8 hobgoblins
  8 kobolds
  4 quokkas
  2 bats (D:1)
  5 frilled lizards
  A rat (D:1)
74 creatures vanquished.

Vanquished Creatures (others)
  2 plants (D:2)
2 creatures vanquished.

Grand Total: 76 creatures vanquished

Notes
Turn   | Place    | Note
-------+----------+-------------------------------------------
     0 | D:1      | qw the Gargoyle Fighter began the quest for the Orb.
     0 | D:1      | Reached XP level 1. HP: 14/14 MP: 1/1
     0 | D:1      | 0 ||| qw: Version: 0.1-a-119-g272c26d
     0 | D:1      | 0 ||| qw: Game counter: 10940
     0 | D:1      | 0 ||| qw: Always use a shield: true
     0 | D:1      | 0 ||| qw: God list: Okawaru
     0 | D:1      | 0 ||| qw: Allow faded altars: false
     0 | D:1      | 0 ||| qw: Do Orc after D:15 true
     0 | D:1      | 0 ||| qw: Do second Lair branch before Depths: true
     0 | D:1      | 0 ||| qw: Lair rune preference: random
     0 | D:1      | 0 ||| qw: Plans: Normal, Zot, God:TSO, Crypt, Tomb, Pan,
                  | Slime, Hells, Zig, Abyss, Orb
     0 | D:1      | 0 ||| PLANNING D:1-11
    65 | D:1      | 65 ||| Stepping ~*~*~tactically~*~*~ (stealth).
   158 | D:1      | Reached XP level 2. HP: 10/19 MP: 2/2
   964 | D:1      | Reached skill level 3 in Axes
  1027 | D:1      | 1027 ||| UPGRADING to +0 chain mail.
  1037 | D:1      | 1037 ||| DROPPING +0 scale mail.
  1038 | D:1      | 1038 ||| UPGRADING to +0 cloak of stealth.
  1043 | D:1      | 1043 ||| UPGRADING to +4 ring of evasion.
  1044 | D:1      | 1044 ||| READING scroll labelled OGOKYI WUSCHESIDGH.
  1045 | D:1      | 1045 ||| READING scroll labelled LITRELL REUMOSS.
  1061 | D:2      | Reached XP level 3. HP: 20/23 MP: 3/3
  1092 | D:2      | 1092 ||| DROPPING +0 whip.
  1239 | D:2      | Noticed Terence
  1252 | D:2      | Killed Terence
  1253 | D:2      | Reached XP level 4. HP: 21/28 MP: 4/4
  1364 | D:2      | You fall into a shaft and drop 2 floors!
  1419 | D:4      | Found an opulent altar of Gozag.
  1422 | D:4      | 1422 ||| Stepping ~*~*~tactically~*~*~ (hiding).
  1423 | D:4      | 1423 ||| Stepping ~*~*~tactically~*~*~ (hiding).
  1573 | D:4      | 1573 ||| FLEEEEING.
  1574 | D:4      | 1574 ||| STAIRDANCE
  1738 | D:2      | 1738 ||| Stepping ~*~*~tactically~*~*~ (stealth).
  2050 | D:2      | Found a faded altar of an unknown god.
  2325 | D:2      | Reached XP level 5. HP: 32/32 MP: 5/5
  2488 | D:2      | 2488 ||| UPGRADING to +0 kite shield.
  2498 | D:2      | 2498 ||| DROPPING +0 buckler.
  2499 | D:2      | 2499 ||| DRINKING 2 fizzy brown potions.
  2500 | D:2      | 2500 ||| DROPPING potion of flight.
  2536 | D:3      | 2536 ||| Stepping ~*~*~tactically~*~*~ (stealth).
  2721 | D:3      | 2721 ||| Stepping ~*~*~tactically~*~*~ (stealth).
  2732 | D:3      | Found a shimmering blue altar of Sif Muna.
  3037 | D:3      | 3037 ||| DROPPING +0 flail.
  3373 | D:3      | 3373 ||| Stepping ~*~*~tactically~*~*~ (hiding).
  3375 | D:3      | 3375 ||| Stepping ~*~*~tactically~*~*~ (hiding).
  3602 | D:3      | 3602 ||| UPGRADING to +2 pair of boots.
  3607 | D:3      | 3607 ||| READING scroll labelled POWAUN XOREY.
  3608 | D:3      | 3608 ||| DRINKING 2 white potions.
  3686 | D:4      | 3686 ||| Stepping ~*~*~tactically~*~*~ (stealth).
  3700 | D:4      | 3700 ||| Stepping ~*~*~tactically~*~*~ (hiding).
  4164 | D:4      | Noticed an ogre
  4167 | D:4      | 4167 ||| Stepping ~*~*~tactically~*~*~ (stealth).
  4168 | D:4      | 4168 ||| Stepping ~*~*~tactically~*~*~ (stealth).
  4172 | D:4      | Slain by an ogre

Levels and vault maps discovered:
D:1:      dpeg_arrival_water_temple_mockup, layout_basic,
          minmay_misc_feat_encased, grunt_decor_one_mirror, minivault_4,
          st_stairs_7
D:2:      layout_loops_corners, dilly_ecumenical_altar_fadedgnrine,
          kennysheep_generic_room_10, uniq_terence
D:3:      layout_loops_ring, nicolae_overflow_hidden_temple
D:4:      minmay_chambers_of_twos, layout_layer_cave, grunt_gozag_statues

Skill      XL: |  1  2  3  4  5 |
---------------+----------------+-----
Axes           | 2 3 4 |  4.5
Shields        | 4 |  4.6
Fighting       | |  3.2
Armour         | |  3.2

Action                   |  1- 3 |  4- 6 || total
-------------------------+-------+-------++-------
Melee: War axe           |    75 |   151 ||   226
Throw: Boomerang         |       |    25 ||    25
  Use: Scroll            |     2 |     1 ||     3
       Potion            |       |     2 ||     2
Armor: Scale mail        |    31 |       ||    31
       Chain mail        |    12 |    55 ||    67
Dodge: Dodged            |    29 |    68 ||    97
Block: Buckler           |    12 |     6 ||    18
       Kite shield       |       |    32 ||    32

Table legend:
 A = Non-vault XP
 B = Vault XP
 C = Vault XP percentage of total XP
 D = Non-vault monster count
 E = Vault monster count
 F = Vault count percentage of total count
                 A         B        C        D         E       F
            +---------+---------+-------+---------+---------+-------
      Total |     258 |      34 |  11.6 |      71 |       3 |   4.1
            +---------+---------+-------+---------+---------+-------
        D:1 |      31 |       1 |   3.1 |      17 |       1 |   5.6
        D:2 |      79 |      33 |  29.5 |      22 |       2 |   8.3
        D:3 |     112 |       0 |   0.0 |      19 |       0 |   0.0
        D:4 |      36 |       0 |   0.0 |      13 |       0 |   0.0
            +---------+---------+-------+---------+---------+-------
